 Dungeon Crawl Stone Soup version 0.30.0-29-ga12c61a403 (webtiles) character file.

Game seed: 9607114935119570700

1799 Sabo the Poker (level 9, -8/70 HPs)
             Began as a Formicid Monk on June 21, 2023.
             Was a Follower of Ashenzari.
             Mangled by an orc warrior
             ... wielding a +0 glaive
              (16 damage)
             ... on level 6 of the Dungeon.
             The game lasted 00:36:44 (7051 turns).

Sabo the Poker (Formicid Monk)                      Turns: 7051, Time: 00:36:44

Health: -8/70      AC:  9    Str: 20    XL:     9   Next: 30%
Magic:  9/9        EV: 17    Int: 10    God:    Ashenzari [*.....]
Gold:   312        SH:  0    Dex: 16    Spells: 8/8 levels left

rFire   . . .        p - +2 glaive
rCold   . . .        d - orb of Ashenzari's Secrets {light, Comp, Cun} (curse)
rNeg    . . .        c - +0 scale mail
rPois   .            (helmet unavailable)
rElec   .            (no cloak)
rCorr   .            (no gloves)
SInv    +            y - +1 pair of boots
Will    .....        (no amulet)
Stlth   +            l - ring of Supernal Wisdom {EV+5, Range, Cun} (curse)
HPRegen 0.31/turn    (no ring)
MPRegen 0.11/turn

%: no passive effects
@: glowing
A: permanent stasis, dig shafts and tunnels, antennae 3, four strong arms
a: Dig, Shaft Self, Renounce Religion, Curse Item, Shatter the Chains


You were on level 6 of the Dungeon.
You worshipped Ashenzari.
Ashenzari was aware of your devotion.
You visited 2 branches of the dungeon, and saw 7 of its levels.
You also visited: Sewer and Ossuary.

You collected 312 gold pieces.

Inventory:

Hand Weapons
 a - a +0 hand axe
 m - a +3 mace
 p - a +2 glaive (weapon)
 s - a +0 sling
Missiles
 h - 5 poisoned darts (quivered)
 n - 2 throwing nets
Armour
 c - a +0 scale mail (worn)
 d - the cursed orb of Ashenzari's Secrets (worn) {light, Comp, Cun}

   It has a curse which improves the following skills: Companions: Summonings
   and Necromancy.
   Cunning:   Dodging and Stealth.
 y - a +1 pair of boots (worn)
Jewellery
 l - the cursed ring of Supernal Wisdom (left hand) {EV+5, Range, Cun}
   (You found it on level 1 of the Dungeon)

   [ring of evasion]

   EV:        It affects your evasion (+5).
   It has a curse which improves the following skills: Ranged Combat: Ranged
   Weapons and Throwing.
   Cunning:   Dodging and Stealth.
 t - a ring of fire
Wands
 r - a wand of roots (8)
Scrolls
 f - 2 scrolls of magic mapping
 i - a scroll of summoning
 o - 2 scrolls of fear
 v - 3 scrolls of silence
Potions
 b - 3 potions of attraction
 e - a potion of resistance
 k - 2 potions of mutation
 q - 2 potions of curing
 u - 2 potions of flight
 A - 2 potions of heal wounds
Miscellaneous
 g - a piece from Xom's chessboard (15/15)


   Skills:
 + Level 6.3 Fighting
 + Level 5.8(7.2) Axes
 + Level 6.5(7.5) Polearms
 + Level 4.2 Armour
 + Level 4.6(5.7) Dodging
 + Level 1.5(2.4) Stealth


You had 8 spell levels left.
You didn't know any spells.
Your spell library contained the following spells:

 Spells                   Type           Power      Damage    Failure   Level
 Necrotise                Necr           0%         1d4       71%         1
 Ensorcelled Hibernation  Hex/Ice        0%         N/A       83%         2
 Spider Form              Tmut/Pois      0%         N/A       97%         3
 Vampiric Draining        Necr           0%         2d6       97%         3
 Anguish                  Hex/Necr       0%         N/A       100%        4
 Olgreb's Toxic Radiance  Pois           0%         N/A       100%        4
 Agony                    Necr           0%         N/A       100%        5
 Discord                  Hex            0%         N/A       100%        8
 Ignition                 Fire           0%         3d3       100%        8


Dungeon Overview and Level Annotations

Branches:
Dungeon (6/15)             Temple (1/1) D:5           Sewer (visited)
Ossuary (visited)

Altars:
Ashenzari
Dithmenos
Hepliaklqana
Kikubaaqudgha
Makhleb
Nemelex Xobeh
Sif Muna
Trog
Uskayaw
Vehumet
Wu Jian
Xom
The Shining One


Innate Abilities, Weirdness & Mutations

You cannot be hasted, slowed, berserked, paralysed or teleported.
You can dig through walls and to a lower floor.
You have a pair of large antennae on your head. (SInv)
Your four strong arms can wield two-handed weapons with a shield.


Message History

Items here: ! )) [ †††.
You hit the sleepcap but do no damage. The sleepcap barely misses you. x2
The orc warrior hits you from afar with a +0 glaive.
You slash the sleepcap!
The sleepcap is heavily damaged.
The sleepcap misses you. The orc warrior closely misses you.
You hit the sleepcap.
The sleepcap is heavily damaged.
The sleepcap misses you. The orc warrior barely misses you.
You hit the sleepcap.
The sleepcap is severely damaged.
The sleepcap closely misses you. The orc warrior misses you.
The orc warrior hits you from afar with a +0 glaive.
The sleepcap closely misses you.
You hit the sleepcap but do no damage.
The sleepcap is severely damaged.
The sleepcap misses you.
The orc warrior hits you from afar with a +0 glaive!
You hit the sleepcap.
The sleepcap is almost destroyed.
The orc warrior closely misses you. The sleepcap misses you.
You slice the sleepcap!!
You destroy the sleepcap!
The orc warrior completely misses you.
The orc warrior hits you from afar with a +0 glaive!
The orc warrior hits you from afar with a +0 glaive.
The orc warrior hits you with a +0 glaive!
* * * LOW HITPOINT WARNING * * *
You hit the orc warrior.
The orc warrior is lightly wounded.
The orc warrior hits you with a +0 glaive!
* * * LOW HITPOINT WARNING * * *
You closely miss the orc warrior.
The orc warrior is lightly wounded.
The orc warrior misses you.
You barely miss the orc warrior.
The orc warrior is lightly wounded.
The orc warrior barely misses you.
The orc warrior hits you with a +0 glaive!
You die...

###,,,,**#.#*#..* #.#...#
******,,,,...##.* #.....#
,,,,,*****#.....####....#
,,,,,,,,,.###....<......#
,,,,,,,,,...###..#..#...#
****,,,,,.....##.##.#...#
,,,****,,......#..#.....#
,,,,,,***.......#.##....###
,,,,,,,,*......o@.##......#
,,,,,,,,*.......#)).......#
,,,***,,*#.....######.....#
****,,,,,#....#* #.....#
,,,,,,,,,#..##* #.....#
,,,,,,,,⌠##** #>....#
,,,,,***** #.....# ******
#.....# #######


You could see an orc warrior.

Vanquished Creatures
  Grinder (D:3)
  A water moccasin (Sewer)
  A black bear (D:5)
  An ogre (D:5)
  2 bullfrogs (D:6)
  2 scorpions
  7 water moccasin zombies (Ossuary)
  A howler monkey (D:4)
  A jelly (D:5)
  2 hounds
  4 iguanas
  3 orc wizards
  2 sleepcaps
  2 mummies (Ossuary)
  12 adders
  3 gnolls (D:4)
  2 shadow imps
  3 white imps
  3 adder zombies (Ossuary)
  A worm (D:2)
  5 dart slugs
  22 orcs
  7 ball pythons
  8 endoplasms
  A giant cockroach (D:2)
  4 gnoll zombies (Ossuary)
  3 goblins
  8 hobgoblins
  4 jackals (D:5)
  4 quokkas
  6 bats
  5 frilled lizards
  4 hobgoblin zombies (Ossuary)
  6 kobolds
  3 kobold zombies (Ossuary)
  3 orc zombies (Ossuary)
  9 rats
156 creatures vanquished.

Notes
Turn   | Place    | Note
-------+----------+-------------------------------------------
     0 | D:1      | Sabo the Formicid Monk began the quest for the Orb.
     0 | D:1      | Reached XP level 1. HP: 18/18 MP: 1/1
   241 | D:1      | You fall into a shaft and drop 1 floor!
   258 | D:2      | Reached XP level 2. HP: 6/24 MP: 2/2
   529 | D:2      | Reached XP level 3. HP: 13/30 MP: 3/3
  1606 | D:1      | Reached XP level 4. HP: 37/37 MP: 4/4
  2998 | D:3      | Reached skill level 1 in Stealth
  2998 | D:3      | Reached XP level 5. HP: 19/42 MP: 5/5
  3038 | D:3      | Found a glowing drain.
  3101 | Sewer    | Entered a sewer
  3137 | Sewer    | Noticed a water moccasin
  3152 | Sewer    | Killed a water moccasin
  3153 | Sewer    | Reached skill level 5 in Axes
  3153 | Sewer    | Reached skill level 1 in Armour
  3153 | Sewer    | Reached XP level 6. HP: 15/48 MP: 6/6
  3346 | D:3      | Noticed Grinder
  3426 | D:3      | Killed Grinder
  3427 | D:3      | Reached XP level 7. HP: 27/55 MP: 7/7
  3838 | D:3      | Found a hide-covered altar of Uskayaw.
  4203 | D:4      | Reached skill level 1 in Polearms
  4981 | D:5      | Entered Level 5 of the Dungeon
  5227 | D:5      | Reached skill level 5 in Fighting
  5227 | D:5      | Reached XP level 8. HP: 48/62 MP: 8/8
  5405 | D:5      | Found a staircase to the Ecumenical Temple.
  5480 | Temple   | Entered the Ecumenical Temple
  5576 | Temple   | Became a worshipper of Ashenzari the Shackled
  5659 | D:5      | Reached * piety under Ashenzari
  6153 | D:5      | Found an ornate altar of the Wu Jian Council.
  6179 | D:5      | Found a sparkling altar of Nemelex Xobeh.
  6443 | D:6      | Found a sand-covered staircase.
  6448 | Ossuary  | Entered an ossuary
  6587 | Ossuary  | Reached skill level 5 in Polearms
  6599 | Ossuary  | Reached XP level 9. HP: 58/69 MP: 9/9
  7051 | D:6      | Mangled by an orc warrior

Illustrated notes

Levels and vault maps discovered:
D:1:      dpeg_arrival_pits, layout_loops_corners, serial_forest,
          infiniplex_forest_lined_room_2, infiniplex_forest_end_double,
          infiniplex_forest_end_2, infiniplex_forest_corner_1,
          infiniplex_forest_clump_curved, infiniplex_forest_lined_corner,
          infiniplex_forest_clump_diagonal, infiniplex_forest_end_2,
          infiniplex_forest_clump_tiny, infiniplex_forest_end_3
D:2:      layout_basic
D:3:      layout_basic, eat_drink_and_be_merry_uskayaw, portal_sewer_entry_a,
          uniq_grinder
D:4:      layout_cave_pools
D:5:      layout_layer_cave, nicolae_overflow_squiral, minmay_temple_entry_grid,
          serial_bayou_lake_a
D:6:      kennysheep_spiral_hall, layout_rooms, enter_ossuary_5, st_stairs_10,
          bh_walls_and_bars
Temple:   zaba_magenta_temple

Skill      XL: |  1  2  3  4  5  6  7  8  9 |
---------------+----------------------------+-----
Dodging        | 3 4 |  4.6
Axes           | 4 5 |  5.8
Fighting       | 4 5 6 |  6.3
Stealth        | 1 |  1.5
Armour         | 1 2 3 4 |  4.2
Polearms       | 2 5 6 |  6.5

Action                     |  1- 3 |  4- 6 |  7- 9 || total
---------------------------+-------+-------+-------++-------
  Melee: Hand axe          |    84 |   103 |       ||   187
         Glaive            |       |       |   270 ||   270
  Throw: Dart              |       |     1 |       ||     1
 Invoke: Curse Item        |       |       |     2 ||     2
    Use: Scroll            |       |     8 |     7 ||    15
 Armour: Robe              |     6 |     1 |       ||     7
         Leather armour    |       |     3 |       ||     3
         Scale mail        |       |    12 |    72 ||    84
  Dodge: Dodged            |    43 |    73 |   297 ||   413
